[Event "*** SCC Grand Prix: Titled Tuesday Blitz"]
[Site "Chess.com"]
[Date "2020.07.14"]
[Round "6"]
[White "secretsuperstar7"]
[Black "reniite"]
[Result "1-0"]
[WhiteElo "2105"]
[BlackElo "1896"]
[TimeControl "180+1"]
[EndTime "11:08:00 PDT"]
[Termination "secretsuperstar7 won by checkmate"]

1. c4 Nf6 2. Nc3 e6 3. e4 d5 4. e5 d4 5. exf6 dxc3 6. bxc3 Qxf6 7. d4 c5 8. Nf3 cxd4 9. Bg5 Qf5 10. cxd4 Bb4+ 11.
Bd2 Bxd2+ 12. Qxd2 O-O 13. Bd3 Qg4 14. O-O Nc6 15.
h3 Qh5 16. Rab1 Rd8 17. Rb5 e5 18. d5 a6 19. Rbb1 Ne7 20. Be2 Qf5 21. Rfe1 Ng6 22.
Qg5 Qxg5 23. Nxg5 f6 24. Ne4 Nf4 25. Bf1 b5 26. cxb5 axb5 27. Bxb5 Rxa2 28. d6 Bf5 29.
Bc4+ Kf8 30. Bxa2 Bxe4 31. Rxe4 Rxd6 32. Kh2 Nd3 33. Rb8+ Ke7 34. Ra4 f5 35. Ra7+ Kf6 36. Rf8+ Kg6 37. Rfa8 Nxf2 38. Ra6 Rf6 39. Rxf6+ gxf6 40. Rg8+ Kh6 41. Bc4 e4 42. Kg3 Nh1+ 43. Kf4 Nf2 44. Kxf5 e3 45. Kxf6 Nd1 46. Be2 Nc3 47. Bf3 Ne4+ 48. Ke5 Ng5 49. Kf4 e2 50. Bxe2 Nxh3+ 51. Kg3 Ng5 52. Ra8 Kg6 53. Ra6+ Kg7 54. Kf2 Ne4+ 55. Ke3 Nc5 56. Ra7+ Kf6 57. Bd3 Ke5 58. Rxh7 Ne6 59. Rh5+ Kf6 60. Ra5 Ng7 61. Ra6+ Ke5 62. g4 Ne8 63. Bf5 Ng7 64. Ra5+ Kf6 65. Kf4 Ne8 66.
g5+ Kg7 67. Ra7+ Kg8 68. g6 Nd6 69. Kg5 Ne8 70. Kh6 Kh8 71. Ra8 Kg8 72. Rxe8# 1-0

[Event "*** SCC Grand Prix: Titled Tuesday Blitz"]
[Site "Chess.com"]
[Date "2020.07.14"]
[Round "6"]
[White "2900tactinhos"]
[Black "Mischuk_D"]
[Result "0-1"]
[WhiteElo "2428"]
[BlackElo "2648"]
[TimeControl "180+1"]
[EndTime "11:08:01 PDT"]
[Termination "Mischuk_D won by resignation"]

1. d4 d5 2. c4 e6 3. Nc3 c5 4. cxd5 exd5 5. Nf3 Nc6 6. g3 Nf6 7. Bg2 cxd4 8. Nxd4 Bc5 9. Nb3 Bb6 10. O-O d4 11. Na4 O-O 12. Bg5 h6 13. Bxf6 Qxf6 14. Nxb6 axb6 15. Bxc6 bxc6 16. Qxd4 Qd8 17. Qxd8 Rxd8 18.
Rfd1 Be6 19. Nd4 Rxa2 20. Nxc6 Rxd1+ 21. Rxd1 Rxb2 22. Rd8+ Kh7 23. Nd4 Bc4 24. Rb8 b5 25. f4 b4 26. Kf2 b3 27. Rb4 Bd5 28. Rb5 Bc4 29. Rb4 Be6 30. f5 Bd5 31. Rb5 Bc4 32.
Rb4 Bd5 33. Rb5 Be4 34. Ke3 Bc2 35. Nxc2 bxc2 36. Rc5 h5 37. f6 g5 38. Kd2 Kg6 39. Kc1 Ra2 40. Rc6 Kf5 41. h3 Ra3 42. Rc5+ Kxf6 43.
g4 h4 44. Rf5+ Kg6 45. Rf3 Rxf3 46. exf3 Kf6 47. Kxc2 Ke5 48. Kd3 Kf4 49. Ke2 Kg3 50. Ke3 Kxh3 51. Ke4 Kg3 0-1

[Event "*** SCC Grand Prix: Titled Tuesday Blitz"]
[Site "Chess.com"]
[Date "2020.07.14"]
[Round "6"]
[White "otrov-11"]
[Black "alfiefischer77"]
[Result "1-0"]
[WhiteElo "2371"]
[BlackElo "2197"]
[TimeControl "180+1"]
[EndTime "11:08:01 PDT"]
[Termination "otrov-11 won on time"]

1. d4 Nf6 2. c4 e6 3. Nf3 Bb4+ 4. Bd2 Qe7 5. g3 Nc6 6. Nc3 O-O 7. Bg2 Na5 8. b3 b6 9. O-O Bb7 10. Rc1 d5 11.
cxd5 exd5 12. Ne5 c5 13. Bf4 Rfd8 14. Nb1 cxd4 15. Qxd4 Rac8 16. Bg5 Bc5 17. Qb2 h6 18. Bd2 Bd6 19. Bxa5 Bxe5 20. Bc3 d4 21. Bb4 Qxb4 22. Bxb7 Rb8 23. Bg2 Ng4 24. Qd2 Qxd2 25. Nxd2 d3 26. exd3 Rxd3 27. Nf3 Bf6 28. h3 Ne5 29. Nxe5 Bxe5 30.
Rfd1 Rbd8 31. Rxd3 Rxd3 32. Rc2 Rd1+ 33. Kh2 g6 34. Bc6 Kg7 35. Bb5 Bd4 36. Kg2 Bc5 37. Bc4 Rd4 38. Re2 Kf6 39. a4 Rd1 40. Re4 Rd4 41. Re3 Rd1 42. Rf3+ Ke5 43. Rxf7 Rd2 44. h4 g5 45. hxg5 hxg5 46. g4 Kd4 47. Kg3 Kc3 48. Rf5 Kb4 49. Rd5 Bxf2+ 50. Kf3 Bc5 51. Rxd2 1-0

[Event "*** SCC Grand Prix: Titled Tuesday Blitz"]
[Site "Chess.com"]
[Date "2020.07.14"]
[Round "6"]
[White "1977Ivan"]
[Black "GadimbayliA"]
[Result "1/2-1/2"]
[WhiteElo "2689"]
[BlackElo "2871"]
[TimeControl "180+1"]
[EndTime "11:08:03 PDT"]
[Termination "Game drawn by agreement"]

1. c4 e5 2. Nc3 Nf6 3. Nf3 Nc6 4. g3 Nd4 5. Bg2 Nxf3+ 6. Bxf3 Bc5 7. Na4 Be7 8. d4 e4 9. Bg2 d5 10. cxd5 Bf5 11. Nc3 O-O 12. O-O Re8 13. Qb3 Qc8 14. Bg5 Nxd5 15. Qxd5 Bxg5 16. g4 e3 17. Qxf5 exf2+ 18. Kh1 Qxf5 19. gxf5 Rad8 20. Rad1 Be3 21. Nd5 Bg5 22.
Rxf2 c6 23. Nf4 Bxf4 24. Rxf4 Rxe2 25. d5 cxd5 26. Bxd5 Kf8 27. Rfd4 Rxb2 28. Bb3 Rxd4 29.
Rxd4 Ke7 30. Rc4 a5 31. Rc7+ Kd6 32. Rxb7 a4 33. Bd5 Rd2 34. Bxf7 Ke5 35. Be6 g6 36. Rd7 Rb2 37. fxg6 Kxe6 38. gxh7 Rb8 39. Rg7 Rh8 40.
Kg2 Kf6 41. Ra7 Kg6 42. Kg3 Rf8 43. Kg4 Kh6 44. h4 a3 45. Kg3 Kg6 46. Kg4 Kh6 47. h5 Rc8 48. Kf5 Re8 49. Kf6 Rh8 50. Rg7 Rf8+ 51. Rf7 Rxf7+ 52. Kxf7 Kxh7 53. Ke6 Kh6 54. Kd5 Kxh5 55. Kc4 Kg6 56. Kb4 Kf6 57. Kxa3 Ke6 58. Kb4 Kd7 59. Kb5 Kc8 60. Kb6 Kb8 61. a4 Ka8 62. a5 1/2-1/2

[Event "*** SCC Grand Prix: Titled Tuesday Blitz"]
[Site "Chess.com"]
[Date "2020.07.14"]
[Round "6"]
[White "SiddharthGMJagadeesh"]
[Black "StephenDedalus83"]
[Result "0-1"]
[WhiteElo "2509"]
[BlackElo "2807"]
[TimeControl "180+1"]
[EndTime "11:08:05 PDT"]
[Termination "StephenDedalus83 won by resignation"]

1. Nf3 Nf6 2. c4 g6 3. g3 Bg7 4. Bg2 O-O 5. O-O d5 6. cxd5 Nxd5 7. d3 e5 8. Bg5 f6 9. Bd2 Nc6 10. Nc3 Nde7 11. Rc1 Be6 12. a3 Rb8 13. b4 Nd4 14. Nxd4 exd4 15. Ne4 b6 16. Qc2 Rc8 17. Qa4 Nd5 18.
Rc2 h6 19. f4 f5 20. Nf2 Nc3 21. Bxc3 dxc3 22. e3 c5 23. b5 Qe7 24. e4 Qf7 25. Qa6 Bb3 26. Rcc1 Bd4 27. e5 Rc7 28. Kh1 c2 29. a4 Be3 30. a5 Bxc1 31. Rxc1 Qe6 32. axb6 axb6 33. Nh3 Rd8 34. Ng1 Rxd3 35. Qa8+ Kg7 36.
Qb8 Rdd7 37. h4 Qg8 38. Qxb6 Qd8 39. e6 Rd6 40. Qa5 c4 41. Qc3+ Qf6 42. Qa5 Re7 43.
b6 Rdxe6 44. b7 Rb6 45. Qa8 Qf8 46. Qa5 Rbxb7 47. Bxb7 Rxb7 48. Nf3 Qd6 49. Ne5 Rc7 50. Qa1 c3 51. Kh2 Qd2+ 52. Kh3 Qd6 53. Qa5 g5 54. hxg5 hxg5 55. Qb5 g4+ 56. Kg2 Qd2+ 57. Kh1 Qxc1+ 58. Kh2 0-1

[Event "*** SCC Grand Prix: Titled Tuesday Blitz"]
[Site "Chess.com"]
[Date "2020.07.14"]
[Round "6"]
[White "oskariot"]
[Black "Bodnar_Mykola"]
[Result "1-0"]
[WhiteElo "2651"]
[BlackElo "2481"]
[TimeControl "180+1"]
[EndTime "11:08:05 PDT"]
[Termination "oskariot won on time"]

1. g3 Nf6 2. Bg2 c6 3. a4 d5 4. a5 e5 5. b3 Bd6 6. Bb2 O-O 7. e3 Bb4 8. Bc3 Bxc3 9. Nxc3 Re8 10. d4 Bg4 11.
Nge2 exd4 12. Qxd4 Nbd7 13. h3 Bxe2 14. Nxe2 a6 15.
O-O Qe7 16. c4 dxc4 17. Qxc4 Qc5 18. Qxc5 Nxc5 19. Nd4 Rad8 20. Rfc1 Rxd4 21. Rxc5 Rb4 22. Rc3 Rd8 23. g4 Rd2 24. Ra4 Rxa4 25. bxa4 Nd7 26.
f4 Kf8 27. e4 f6 28. h4 Rd4 29.
g5 Rxa4 30. Bh3 Ke7 31. gxf6+ gxf6 32. Rg3 Nc5 33. Rg7+ Kd6 34. Bf5 h5 35. Kg2 Rxa5 36. Rg6 Ke7 37. Rg7+ Kf8 38. Rh7 Ra4 39. Kf3 Ra3+ 40.
Ke2 a5 41. e5 fxe5 42. fxe5 Ra4 43. Kf3 Ra3+ 44. Kf4 Nd3+ 45. Kg5 Kg8 46. e6 Nc5 47. Rc7 Nxe6+ 48. Bxe6+ Kf8 49. Rxb7 Re3 50. Bf5 a4 51. Kxh5 a3 52. Ra7 Re5 53. Kg6 Re3 54. h5 Rg3+ 55. Kf6 Re3 56. h6 Re8 57. h7 1-0

[Event "*** SCC Grand Prix: Titled Tuesday Blitz"]
[Site "Chess.com"]
[Date "2020.07.14"]
[Round "6"]
[White "GukeshDommaraju"]
[Black "BillieKimbah"]
[Result "0-1"]
[WhiteElo "2728"]
[BlackElo "2908"]
[TimeControl "180+1"]
[EndTime "11:08:07 PDT"]
[Termination "BillieKimbah won by resignation"]

1. d4 Nf6 2. c4 e6 3. Nf3 d5 4.
Nc3 c6 5. Bg5 h6 6. Bh4 dxc4 7.
e4 g5 8. Bg3 b5 9. Be2 Bb7 10.
e5 Nd5 11. O-O Nxc3 12. bxc3 c5 13. a4 a6 14. Qb1 g4 15. Nh4 Be7 16. Ng6 fxg6 17.
Qxg6+ Kd7 18. dxc5 Qg8 19. Rfd1+ Kc7 20. Qb1 Qh7 21.
axb5 Qxb1 22. Raxb1 axb5 23. Rxb5 Bc6 24. Rb4 h5 25. Bxc4 Na6 26. Rbb1 Nxc5 27. Bf4 Ra4 28.
Rd4 Rd8 29. Bf1 Rdxd4 30. cxd4 Rxd4 31. Be3 Ra4 32. Rc1 Ra5 33. h3 gxh3 34. g3 Nd7 35. Bxh3 Nxe5 36. Bf4 Kd7 37. Rd1+ Ke8 38. Bxe6 Nf3+ 39.
Kf1 Be4 40. Bc4 Rc5 41. Be2 Kf7 42. Kg2 Nd4+ 43. f3 Nxe2 44. fxe4 Nc3 45. Re1 Kg6 46. e5 Nd5 47. Kf3 Kf5 48. Rh1 Rc3+ 49. Ke2 Kg4 50. Bd2 Rxg3 51. e6 h4 52. Rg1 Rxg1 0-1

[Event "*** SCC Grand Prix: Titled Tuesday Blitz"]
[Site "Chess.com"]
[Date "2020.07.14"]
[Round "6"]
[White "Mikhail_Golubev"]
[Black "Gabrielian_Artur"]
[Result "0-1"]
[WhiteElo "2598"]
[BlackElo "2806"]
[TimeControl "180+1"]
[EndTime "11:08:07 PDT"]
[Termination "Gabrielian_Artur won on time"]

1. e4 c5 2. Nf3 d6 3. d4 cxd4 4. Nxd4 Nf6 5. Nc3 Nc6 6. Bc4 Qb6 7. Ndb5 a6 8. Be3 Qd8 9. Nd4 e6 10. Qe2 Bd7 11. f4 Be7 12. O-O O-O 13. Bb3 Qc7 14. f5 Nxd4 15. Bxd4 Rfe8 16. fxe6 Bxe6 17. Bxe6 fxe6 18. e5 dxe5 19. Bxe5 Qb6+ 20. Kh1 Rad8 21. b3 Qc6 22. Rae1 Rf8 23. Bxf6 Rxf6 24. Ne4 Rxf1+ 25. Rxf1 Rf8 26. Rxf8+ Bxf8 27. a4 Qd5 28. g3 Be7 29. Kg2 h5 30. h4 Qd4 31. Qf3 Qe5 32.
Qd3 g6 33. Qf3 Kg7 34. Qd3 Kg8 35. Qf3 b5 36. axb5 axb5 37. Qd3 b4 38. Qf3 Kg7 39. Qd3 Qd5 40. Qf3 Qd4 41. Kh2 Qb2 42. Qd3 Qe5 43.
Kg2 Qd5 44. Qf3 Bd8 45. Qe3 Bc7 46. Kh2 Qe5 47. Kg2 Qd5 48. Kh2 Be5 49. Kg2 Bd4 50. Qd3 Qe5 51. Kh2 Qd5 52. Kg2 Be5 53. Qe3 Qd1 0-1

[Event "*** SCC Grand Prix: Titled Tuesday Blitz"]
[Site "Chess.com"]
[Date "2020.07.14"]
[Round "6"]
[White "JSMastropiero"]
[Black "Terao90"]
[Result "1-0"]
[WhiteElo "2419"]
[BlackElo "2273"]
[TimeControl "180+1"]
[EndTime "11:08:07 PDT"]
[Termination "JSMastropiero won on time"]

1. d4 Nf6 2. c4 e6 3. Nc3 Bb4 4. e3 O-O 5. Bd3 c5 6. Nf3 d5 7. O-O Nc6 8. a3 cxd4 9. exd4 Be7 10. c5 a5 11. Rb1 b6 12. b4 axb4 13. axb4 bxc5 14.
bxc5 Ba6 15. Bf4 Nh5 16. Be3 Nf6 17. h3 Qa5 18. Bxa6 Qxa6 19. Rb6 Qc8 20. Bf4 Nd7 21. Rb3 Bf6 22. Re1 Na5 23. Ra3 Nc4 24. Rxa8 Qxa8 25.
Nb5 Qc6 26. Nd6 Ra8 27. Qb3 Rb8 28. Qd3 Nxd6 29. Bxd6 Ra8 30. Rb1 h6 31. Qb5 Qxb5 32. Rxb5 Rc8 33. Rb7 Nf8 34. Kf1 Ng6 35. g3 h5 36. h4 Ra8 37. Rb8+ Rxb8 38. Bxb8 Ne7 39. Ke2 Nc6 40. Bd6 Nxd4+ 41. Nxd4 Bxd4 42. c6 Bb6 43. c7 Bxc7 44. Bxc7 f6 45. Ke3 e5 46. f4 d4+ 47. Ke4 exf4 48. Bxf4 Kf7 49. Kxd4 Ke6 50. Ke4 1-0

[Event "*** SCC Grand Prix: Titled Tuesday Blitz"]
[Site "Chess.com"]
[Date "2020.07.14"]
[Round "6"]
[White "HanSchut"]
[Black "BikingBrian"]
[Result "1/2-1/2"]
[WhiteElo "2328"]
[BlackElo "2209"]
[TimeControl "180+1"]
[EndTime "11:08:08 PDT"]
[Termination "Game drawn - insufficient material"]

1. e4 c5 2. Nf3 g6 3. c4 Nc6 4. d4 cxd4 5. Nxd4 Nf6 6. Nc3 d6 7. Be2 Nxd4 8. Qxd4 Bg7 9. Bg5 O-O 10. Qd2 a5 11. b3 Nxe4 12. Nxe4 Bxa1 13. Bh6 Bg7 14. h4 Qb6 15. Bxg7 Kxg7 16. h5 Qb4 17. Nc3 Kg8 18. a3 Qxa3 19. Nd5 Qa1+ 20. Bd1 Qe5+ 21. Kf1 e6 22. f4 Qg7 23. h6 Qa1 24. Nc3 e5 25. g3 a4 26. bxa4 b5 27. axb5 Bb7 28. Rg1 Ra3 29. Ne2 Bf3 30. Kf2 Ra2 31. Qe3 Bxe2 32.
Bxe2 Qb2 33. fxe5 dxe5 34. Re1 Re8 35. b6 Qd4 36. Qxd4 exd4 37. c5 Rc2 38. Rb1 Rxc5 39. b7 Rb8 40. Bg4 Rc7 41. Bf3 Kf8 42. Ke2 Ke7 43.
Kd3 Rd7 44. Be4 f5 45. Bf3 Rc7 46. Rb6 Rd7 47. Bg2 Rd6 48. Rb5 Kd7 49. Re5 Kc7 50. Re7+ Rd7 51. Rxd7+ Kxd7 52. Kxd4 Kc7 53. Ke5 Rxb7 54.
Bxb7 Kxb7 55. Kf6 Kc6 56. Kg7 g5 57. Kxh7 f4 58. gxf4 gxf4 59. Kg7 f3 60. h7 f2 61.
h8=Q f1=Q 62. Qh6+ Kd5 63. Qf6 Qxf6+ 64. Kxf6 1/2-1/2

[Event "*** SCC Grand Prix: Titled Tuesday Blitz"]
[Site "Chess.com"]
[Date "2020.07.14"]
[Round "6"]
[White "chito89"]
[Black "ShahMatKanal"]
[Result "1-0"]
[WhiteElo "2795"]
[BlackElo "2504"]
[TimeControl "180+1"]
[EndTime "11:08:10 PDT"]
[Termination "chito89 won on time"]

1. e4 c5 2. Nf3 Nc6 3. Bb5 g6 4. O-O Bg7 5. Nc3 d6 6. Re1 Bd7 7. d3 Nd4 8. Bc4 e6 9. Bf4 e5 10. Be3 Nh6 11. h3 O-O 12. a4 Kh8 13. Nd5 f6 14. c3 Nxf3+ 15. Qxf3 Nf7 16. b4 cxb4 17. cxb4 f5 18. Bd2 f4 19. Qd1 Ng5 20. h4 Ne6 21. g3 Nd4 22. Kg2 f3+ 23. Kh2 Be6 24. Bg5 Qd7 25. Rh1 h6 26. Be3 Qf7 27. Kg1 Rac8 28.
b5 Kh7 29. Kf1 a6 30. bxa6 bxa6 31. Rc1 Rb8 32. Bxd4 exd4 33. Nf4 Bxc4 34. Rxc4 Rfc8 35. Rxc8 Rxc8 36. Qxf3 Rc3 37. Kg2 h5 38. Rb1 Be5 39. Rb6 a5 40. Rb5 Kh6 41. Rxa5 g5 42. hxg5+ Kxg5 43. Rd5 Kh6 44. Nh3 Qxf3+ 45. Kxf3 Rxd3+ 46. Kg2 Ra3 47. f4 Bg7 48. Rxd6+ Kh7 49. Ng5+ Kg8 50.
Rd8+ Bf8 51. Ne6 Kf7 52. Nxf8 Rxa4 53. Nh7 Ke7 54. Rd5 Ra2+ 55. Kh3 Ra4 56. Ng5 1-0

[Event "*** SCC Grand Prix: Titled Tuesday Blitz"]
[Site "Chess.com"]
[Date "2020.07.14"]
[Round "6"]
[White "LimaRR"]
[Black "WiktoriaPOL"]
[Result "0-1"]
[WhiteElo "2070"]
[BlackElo "1910"]
[TimeControl "180+1"]
[EndTime "11:08:12 PDT"]
[Termination "WiktoriaPOL won by resignation"]

1. d4 Nf6 2. Nf3 g6 3. Bf4 Bg7 4. e3 O-O 5. h3 d6 6. Be2 Nbd7 7. O-O Qe8 8. c4 e5 9. Bh2 Qe7 10. Nc3 c6 11. Rc1 Nh5 12. dxe5 dxe5 13. Nd2 Nhf6 14. Nde4 Nxe4 15. Nxe4 f5 16. Nd6 Rd8 17. Nxc8 Raxc8 18. Qb3 Nc5 19. Qa3 Qf8 20. Rfd1 a6 21. b4 Ne6 22. Qb3 c5 23. b5 a5 24. Rd5 b6 25. Rcd1 Rxd5 26.
cxd5 Ng5 27. d6+ Kh8 28. Qd5 Qf7 29. d7 Rd8 30. Bxe5 Qxd5 31. Bxg7+ Kxg7 32. Rxd5 Nf7 33. f4 Kf6 34. Bf3 Ke7 35. g4 Rxd7 36. gxf5 Rxd5 37.
Bxd5 gxf5 38. Kf2 Nd6 39. Kf3 h6 40. h4 Kf6 41. Bc6 Ke6 42. e4 fxe4+ 43. Bxe4 Kf6 44. Bd5 Nxb5 45. Bc4 Nd4+ 46. Ke4 b5 47. Kd5 bxc4 48. Kxc5 c3 49. Kxd4 c2 50. Kd3 c1=Q 51. Kd4 Qa3 52. Ke4 Qxa2 0-1

[Event "*** SCC Grand Prix: Titled Tuesday Blitz"]
[Site "Chess.com"]
[Date "2020.07.14"]
[Round "6"]
[White "Shubinkirill2003"]
[Black "K-Nygren"]
[Result "1-0"]
[WhiteElo "2646"]
[BlackElo "2473"]
[TimeControl "180+1"]
[EndTime "11:08:13 PDT"]
[Termination "Shubinkirill2003 won by checkmate"]

1. e4 c5 2. Nf3 d6 3. Bb5+ Bd7 4. a4 Nc6 5. O-O Nf6 6. Re1 e5 7. c3 g5 8. d4 g4 9. Nh4 cxd4 10. Bxc6 Bxc6 11. cxd4 Nxe4 12. Qxg4 Rg8 13. Qxg8 Qxh4 14. Be3 O-O-O 15. Qxf7 Be7 16. Nc3 Ng5 17. Bxg5 Qxg5 18. Nd5 Rd7 19. Rac1 Bd8 20. Qe6 Qg7 21. b4 Kb8 22. b5 Bxd5 23. Qxd5 Bb6 24. dxe5 dxe5 25. Qxe5+ Qxe5 26. Rxe5 a6 27. bxa6 bxa6 28. Rb1 Ka7 29. Re4 a5 30. h4 Bd4 31. g3 Bc5 32. Kg2 Bb4 33. Rc1 Rd2 34. Re6 Rd7 35. Rc4 Rf7 36. h5 Rb7 37. h6 Rf7 38. Rec6 Kb7 39. g4 Rf8 40. f4 Ba3 41. Kf3 Bb2 42. R6c5 Ba3 43. Rb5+ Ka6 44. Rc6+ Ka7 45. Rxa5+ Kb7 46. Rc4 Be7 47. Rb5+ Ka6 48. g5 Bd8 49. Kg4 Ka7 50. f5 Rg8 51. f6 Bxf6 52. Rc7+ Ka6 53. Rc6+ Ka7 54. Rxf6 Ka8 55. Ra6# 1-0

[Event "*** SCC Grand Prix: Titled Tuesday Blitz"]
[Site "Chess.com"]
[Date "2020.07.14"]
[Round "6"]
[White "WeAintSurePal"]
[Black "jaskol95"]
[Result "1-0"]
[WhiteElo "2280"]
[BlackElo "2390"]
[TimeControl "180+1"]
[EndTime "11:08:14 PDT"]
[Termination "WeAintSurePal won by resignation"]

1. d4 Nf6 2. Nf3 g6 3. Nc3 Bg7 4. e4 d5 5. e5 Ne4 6. Be2 Nxc3 7. bxc3 c5 8. h4 cxd4 9. cxd4 h5 10. O-O Nc6 11. c3 Bg4 12. Ng5 Bxe2 13. Qxe2 e6 14. Qf3 Qd7 15. Ba3 Bf8 16. Bxf8 Kxf8 17. Qf6 Kg8 18. Rab1 Na5 19. Rfd1 b5 20. Rd3 a6 21.
Rg3 Rh6 22. Nh3 Qd8 23. Qf4 Rh7 24. Ng5 Rg7 25. Rd1 Rc8 26. Rdd3 Qd7 27. Rdf3 Nc6 28. Qe3 Ne7 29. Qd2 Nf5 30. Rh3 a5 31. Rf4 Rc4 32.
g4 hxg4 33. Rxg4 b4 34. cxb4 Qa4 35. bxa5 Rc2 36. Qd1 Rxa2 37. Qxa4 Rxa4 38. Rb3 Kf8 39. Rb8+ Ke7 40. Rb7+ Ke8 41. Rg3 Nxd4 42. Kg2 Rxa5 43. Rc3 Ra8 44. Rcc7 Nf5 45. Nxf7 Nxh4+ 46. Kh3 Nf5 47.
Nd6+ Nxd6 48. Rxg7 Nxb7 49. Rg8+ Kf7 50. Rxa8 Nc5 51.
Kg4 Ne4 52. f4 Nf2+ 53. Kh4 Ne4 54. Kg4 Ke7 55. Ra7+ Kf8 56. Ra4 Kf7 57. Rb4 Ke7 58.
Rb6 Kd7 59. Rb7+ Kc6 60. Rg7 d4 61. Rxg6 Kd5 62. Kf3 d3 63. Rg8 d2 64. Rd8+ Kc4 65.
Kxe4 1-0

[Event "*** SCC Grand Prix: Titled Tuesday Blitz"]
[Site "Chess.com"]
[Date "2020.07.14"]
[Round "6"]
[White "Misticpikachu"]
[Black "sewin16"]
[Result "0-1"]
[WhiteElo "2232"]
[BlackElo "2397"]
[TimeControl "180+1"]
[EndTime "11:08:15 PDT"]
[Termination "sewin16 won on time"]

1. c4 e5 2. g3 Nf6 3. Bg2 d5 4.
cxd5 Nxd5 5. Nf3 Nc6 6. O-O Be7 7. d4 exd4 8. Nxd4 Nxd4 9. Qxd4 Nf6 10. Qxd8+ Bxd8 11. Nc3 c6 12. Rd1 Be7 13. Bf4 Be6 14.
Rd2 O-O 15. Rad1 Rfd8 16. Rxd8+ Bxd8 17. a3 Kf8 18. Ne4 Nxe4 19. Bxe4 h6 20. Bd6+ Be7 21. Bxe7+ Kxe7 22. f4 a5 23. Kf2 Rc8 24. Rc1 Bd7 25. Ke3 b6 26. b4 axb4 27. axb4 Rc7 28. Kd4 Kd6 29. Bf3 Ra7 30. e4 Ra4 31. e5+ Kc7 32. Rb1 Ra2 33. Rc1 Ra4 34. Rb1 c5+ 35. Kc3 Be6 36. Bd1 Ra3+ 37. Bb3 c4 38. f5 Bd5 39.
Kd4 Rxb3 40. Rd1 Kc6 41. f6 gxf6 42. exf6 Rd3+ 43. Rxd3 cxd3 44. Kxd3 Kb5 45. Kd4 Be6 46. Ke5 Kxb4 47. Kd6 Kc4 48. Ke7 b5 49. h4 b4 50.
g4 b3 51. g5 hxg5 52. hxg5 b2 53. g6 b1=Q 54. gxf7 Bxf7 55. Kxf7 Kd5 56. Kg7 Qg1+ 57. Kf8 Ke6 0-1

[Event "*** SCC Grand Prix: Titled Tuesday Blitz"]
[Site "Chess.com"]
[Date "2020.07.14"]
[Round "6"]
[White "GMHess"]
[Black "suyu28"]
[Result "1-0"]
[WhiteElo "2755"]
[BlackElo "2551"]
[TimeControl "180+1"]
[EndTime "11:08:17 PDT"]
[Termination "GMHess won on time"]

1. b3 e5 2. Bb2 Nc6 3. e3 Nf6 4. h3 a6 5. g4 d5 6. Bg2 Be6 7. d3 Bd6 8. Nd2 O-O 9. Ne2 Ne7 10. Ng3 Ng6 11. g5 Nd7 12. h4 Ne7 13. Qe2 a5 14. a4 c6 15. h5 f5 16. gxf6 Nxf6 17. Bh3 Bxh3 18. Rxh3 Qd7 19. Rh4 h6 20. e4 Nh7 21.
Nf3 Rae8 22. O-O-O Rf4 23. Rg1 Rxh4 24. Nxh4 Ng5 25. Ngf5 Nxf5 26. Nxf5 Bc7 27. f4 exf4 28. Qg4 Kh7 29. Bxg7 dxe4 30. Bxh6 Rg8 31. Bxg5 exd3 32. Ne7 Qxg4 33. Rxg4 Re8 34. cxd3 Bd8 35. Nf5 f3 36. Bxd8 f2 37. Rf4 Re1+ 38. Kd2 f1=Q 39. Rxf1 Rxf1 40. Ne3 Rf2+ 41. Kc3 Rf3 42. Nc4 Rf5 43. Bxa5 Rxh5 44. Bb6 Kg8 45. Nd6 Rh7 46. a5 Kf8 47. Kc4 Rd7 48.
Bc5 Kg7 49. d4 1-0

[Event "*** SCC Grand Prix: Titled Tuesday Blitz"]
[Site "Chess.com"]
[Date "2020.07.14"]
[Round "6"]
[White "Jaka_Brilej"]
[Black "maximnovik"]
[Result "1-0"]
[WhiteElo "2333"]
[BlackElo "2483"]
[TimeControl "180+1"]
[EndTime "11:08:17 PDT"]
[Termination "Jaka_Brilej won by checkmate"]

1. e4 c6 2. Nf3 d5 3. Nc3 Bg4 4. h3 Bxf3 5. Qxf3 e6 6. d4 Nf6 7. Bd3 Be7 8. O-O dxe4 9. Nxe4 Qxd4 10. c3 Qd8 11. Bf4 Nbd7 12. Nd6+ Bxd6 13. Bxd6 Nb6 14. Ba3 Qd5 15. Qg3 O-O-O 16. Be2 Ne4 17. Qh4 g5 18. Qh6 f5 19. Rad1 Qe5 20. Be7 Rxd1 21. Rxd1 Nd5 22. Bxg5 Nexc3 23. bxc3 Qxe2 24. Rf1 Rg8 25. Bc1 Qf3 26.
Qxe6+ Kc7 27. g3 Rg6 28. Qe5+ Kb6 29. c4 f4 30. cxd5 fxg3 31. Qe3+ Qxe3 32. fxe3 cxd5 33. Bb2 Kb5 34. Bd4 b6 35. Kg2 Kc4 36. h4 Kd3 37.
Rf7 h5 38. Rxa7 Rg4 39. Rh7 Rxh4 40. Kxg3 Rg4+ 41. Kf3 Rg6 42. Rxh5 Rc6 43. Rxd5 Kc4 44. Re5 b5 45. Rc5+ Rxc5 46. Bxc5 Kxc5 47. Kf4 Kb4 48. e4 Ka3 49. e5 Kxa2 50. e6 b4 51. e7 b3 52.
e8=Q b2 53. Qa4+ Kb1 54. Ke3 Kc1 55. Qc4+ Kd1 56. Qb3+ Kc1 57. Qc3+ Kb1 58. Kd3 Ka2 59. Qa5+ Kb1 60. Qa4 Kc1 61. Qc2# 1-0

[Event "*** SCC Grand Prix: Titled Tuesday Blitz"]
[Site "Chess.com"]
[Date "2020.07.14"]
[Round "6"]
[White "sergeikim"]
[Black "Nayemhaque22"]
[Result "0-1"]
[WhiteElo "2366"]
[BlackElo "2230"]
[TimeControl "180+1"]
[EndTime "11:08:18 PDT"]
[Termination "Nayemhaque22 won on time"]

1. d4 Nf6 2. c4 e6 3. Nc3 Bb4 4. Qc2 d5 5. a3 Bxc3+ 6. Qxc3 O-O 7.
Nf3 Nbd7 8. g3 a6 9. Bg2 dxc4 10. Qxc4 b5 11. Qc2 Bb7 12. O-O Rc8 13. b4 Be4 14. Qb2 Nb6 15. Ne5 Bxg2 16. Kxg2 Qd5+ 17. f3 Rfd8 18.
Be3 Na4 19. Qc2 Nb6 20. Rac1 h6 21. Bf2 Qd6 22. e4 Nfd7 23. Nc6 Re8 24. Na7 Ra8 25. Qxc7 Qxc7 26. Rxc7 Nf6 27. Nc6 Nc4 28. Ra1 Kf8 29. a4 Rec8 30. Rxc8+ Rxc8 31. axb5 axb5 32. Ra6 Nd7 33. f4 Nf6 34. e5 Nd5 35. Kf3 Nb2 36. Na7 Ra8 37. Ra5 Nc4 38. Ra1 Nxb4 39. f5 Nc6 40. Nxc6 Rxa1 41. d5 exd5 42. Bc5+ Ke8 43. Nd4 Rc1 44. Nxb5 Nxe5+ 45. Kf4 Rxc5 46. Nd6+ Kd7 47.
Kxe5 d4+ 48. Kxd4 Kxd6 0-1

[Event "*** SCC Grand Prix: Titled Tuesday Blitz"]
[Site "Chess.com"]
[Date "2020.07.14"]
[Round "6"]
[White "Michaelson_11"]
[Black "Cocaino74"]
[Result "1-0"]
[WhiteElo "2121"]
[BlackElo "2309"]
[TimeControl "180+1"]
[EndTime "11:08:18 PDT"]
[Termination "Michaelson_11 won by checkmate"]

1. e4 c5 2. Nf3 Nc6 3. d4 cxd4 4. Nxd4 g6 5. c4 Nf6 6. Nc3 d6 7. f3 Nxd4 8. Qxd4 Bg7 9. Be3 O-O 10. Qd2 Be6 11.
Rc1 Qa5 12. b3 Rfc8 13. Be2 a6 14. Na4 Qxd2+ 15. Kxd2 Rab8 16. Nb6 Rc6 17. g4 Nd7 18. Nd5 Kf8 19. h4 b5 20. cxb5 Rxc1 21. Rxc1 Bxd5 22. exd5 axb5 23. Bxb5 Ne5 24. Be2 Bf6 25. g5 Bh8 26. f4 Nd7 27. Rc7 Ke8 28. Bb5 e6 29. dxe6 fxe6 30.
Rxd7 Rxb5 31. Rxh7 Ba1 32. Kc2 e5 33. Kb1 Bc3 34. Kc2 Ba1 35. a4 Ra5 36. h5 exf4 37.
Bxf4 Rf5 38. Bxd6 Rxg5 39. h6 Rh5 40. Re7+ Kd8 41. h7 Bf6 42. Rf7 Ba1 43. Rf8+ Kd7 44. Bf4 Rxh7 45. a5 Rh5 46. a6 g5 47. a7 gxf4 48.
a8=Q Rh2+ 49. Kd3 Rh3+ 50. Ke4 Re3+ 51. Kxf4 Re7 52. Qd5+ Kc7 53. Rf7 Rxf7+ 54. Qxf7+ Kb6 55. Ke3 Bh8 56. Kd3 Kb5 57. Kc2 Ba1 58. Qc4+ Kb6 59. b4 Bh8 60. Kb3 Ba1 61. Ka4 Kb7 62. b5 Bh8 63. Qf7+ Kb6 64. Qd7 Ba1 65. Qc6+ Ka7 66.
b6+ Kb8 67. Qc7+ Ka8 68. Qa7# 1-0

[Event "*** SCC Grand Prix: Titled Tuesday Blitz"]
[Site "Chess.com"]
[Date "2020.07.14"]
[Round "6"]
[White "warmoatmeal"]
[Black "Zq1"]
[Result "1-0"]
[WhiteElo "2334"]
[BlackElo "2473"]
[TimeControl "180+1"]
[EndTime "11:08:19 PDT"]
[Termination "warmoatmeal won by resignation"]

1. Nf3 Nf6 2. d4 e6 3. Bf4 b6 4. e3 Bb7 5. Be2 Be7 6. O-O Nh5 7. Bg3 O-O 8. c4 d6 9. Nc3 f5 10. b4 Nd7 11. Qb3 Nxg3 12. hxg3 Nf6 13. Rfd1 h6 14. c5 Nd5 15. Nxd5 Bxd5 16. Bc4 c6 17. cxd6 Bxd6 18.
Ne5 Bxe5 19. dxe5 Qe7 20. Bxd5 cxd5 21. Rac1 Rfc8 22. Qb2 Qd7 23. Rxc8+ Rxc8 24. Rc1 Rc4 25. a3 Qc6 26. Rd1 Rc2 27. Qd4 Qc4 28. Qxc4 Rxc4 29. Rd3 Rc1+ 30. Kh2 g5 31. f4 g4 32. Rb3 b5 33. a4 a6 34. axb5 axb5 35. Ra3 Rc4 36.
Ra8+ Kf7 37. Ra7+ Kf8 38. Ra8+ Kf7 39. Ra7+ Ke8 40. Ra8+ Kd7 41. Ra7+ Rc7 42. Ra5 Rb7 43. Kg1 Kc6 44. Kf2 d4 45. exd4 Kd5 46. Ke3 Kc4 47.
Ra6 Re7 48. Rc6+ Kxb4 49. d5 exd5 50. Kd4 Kb3 51. Kxd5 b4 52. e6 Kb2 53. Rb6 b3 54.
Kd6 Re8 55. e7 Kc3 56. Kd7 Ra8 57. e8=Q Rxe8 58. Kxe8 b2 59. Kf7 1-0